 Dungeon Crawl Stone Soup version 0.24.1-8-ga250c9d538 (webtiles) character file.

Game seed: 11873289736720567446, levelgen mode: deterministic

31011 Atelerd the Thaumaturge (level 13, -3/79 HPs)
             Began as an Octopode Wizard on May 2, 2020.
             Was an Elder of Sif Muna.
             Killed by the air
             ... invoked by Gastronok
              (33 damage)
             ... on level 3 of the Lair of Beasts.
             The game lasted 01:31:52 (20627 turns).

Atelerd the Thaumaturge (Octopode Wizard)          Turns: 20627, Time: 01:31:52

Health: -3/79      AC:  9    Str:  8    XL:     13   Next: 55%
Magic:  22/28      EV: 15    Int: 30    God:    Sif Muna [****..]
Gold:   974        SH:  4    Dex: 11    Spells: 19/40 levels left

rFire    . . .     SeeInvis .   L - +3 scimitar of the Land of Plenty {slice, rElec}
rCold    . . .     Gourm    .   F - +0 buckler
rNeg     . . .     Faith    .   a - +0 hat
rPois    +         Spirit   .   J - amulet of regeneration
rElec    +         Reflect  .   q - ring of the Octopus King {AC+1 EV+1 Str+1 Int+1 Dex+1 Stlth+}
rCorr    +         Harm     .   g - ring of resist corrosion
MR       .....                  t - +5 ring of protection
Stlth    +++++.....             s - +4 ring of intelligence
HPRegen  0.63/turn              (no ring)
MPRegen  0.21/turn              (no ring)
                                (no ring)
                                (no ring)

@: slowed, very slow
A: almost no armour, stealthy swim, amphibious, 8 rings, constrict 8, tentacle
spike 1, slimy green scales 1, camouflage 1, low mp 1, poison resistance,
gelatinous body 1, evolution 1
a: Channel Magic, Forget Spell, Divine Exegesis, Renounce Religion


You were on level 3 of the Lair of Beasts.
You worshipped Sif Muna.
Sif Muna was greatly pleased with you.
You were hungry.

You visited 3 branches of the dungeon, and saw 15 of its levels.

You collected 974 gold pieces.

Inventory:

Hand Weapons
 K - the +5 rapier of Wukisuq {pain, rN++ Str-5 Dex+3}
   (You found it on level 6 of the Dungeon)

   In the hands of one skilled in necromantic magic, it inflicts extra damage on
   living creatures.
   It affects your strength (-5).
   It affects your dexterity (+3).
   It greatly protects you from negative energy.
 L - the +3 scimitar of the Land of Plenty (weapon) {slice, rElec}
   (You found it on level 7 of the Dungeon)

   It inflicts extra damage upon your enemies.
   It insulates you from electricity.
 P - the +2 hunting sling "Depae" {venom, +Fly rC- rN+}
   (You found it on level 7 of the Dungeon)

   It poisons the ammo it fires.
   It makes you vulnerable to cold.
   It protects you from negative energy.
   It lets you fly.
Armour
 a - a +0 hat (worn)
 F - a +0 buckler (worn)
Magical Staves
 b - an uncursed staff of energy
 u - an uncursed staff of wizardry
Jewellery
 d - a +4 amulet of reflection
 g - a ring of resist corrosion (right tentacle)
 h - the ring of Ippofith {rF+ Str+6 Int+10 Slay-6}
   (You acquired it on level 8 of the Dungeon)

   [ring of protection from fire]

   It affects your strength (+6).
   It affects your intelligence (+10).
   It affects your accuracy and damage with ranged weapons and melee attacks
   (-6).
   It protects you from fire.
 q - a ring of the Octopus King (left tentacle) {AC+1 EV+1 Str+1 Int+1 Dex+1 Stlth+}
   (You found it on level 4 of the Dungeon)

   [ring of stealth]

   It affects your AC (+1).
   It affects your evasion (+1).
   It affects your strength (+1).
   It affects your intelligence (+1).
   It affects your dexterity (+1).
   It makes you more stealthy.
 s - a +4 ring of intelligence (on tentacle)
 t - a +5 ring of protection (on tentacle)
 J - an amulet of regeneration (around mantle)
Wands
 o - a wand of iceblast (14)
 v - a wand of flame (2)
 C - a wand of clouds (5)
 H - a wand of enslavement (13)
Scrolls
 j - 2 scrolls of fear
 k - a scroll of random uselessness
 l - 7 scrolls of amnesia
 m - 5 scrolls of immolation
 y - 3 scrolls of magic mapping {unknown}
 z - 2 scrolls of enchant armour
 A - a scroll of blinking {unknown}
 B - 2 scrolls of enchant weapon {unknown}
 D - 2 scrolls of remove curse
 G - 2 scrolls of teleportation
 M - 3 scrolls of vulnerability {unknown}
 N - a scroll of brand weapon
 O - a scroll of identify
Potions
 e - 5 potions of degeneration
 f - 8 potions of curing
 i - 3 potions of flight
 n - 3 potions of haste
 p - 2 potions of heal wounds {unknown}
 r - 4 potions of brilliance {unknown}
 w - a potion of agility {unknown}
 x - a potion of mutation
 E - 2 potions of lignification {unknown}
Comestibles
 c - 23 rations


   Skills:
 + Level 4.0 Fighting
 + Level 2.1 Long Blades
 - Level 3.0 Dodging
 - Level 5.0 Stealth
 * Level 3.4 Shields
 + Level 14.1 Spellcasting
 - Level 10.6 Conjurations
 - Level 2.0 Hexes
   Level 1.0 Summonings
 - Level 3.0 Translocations
 - Level 5.0 Transmutations
 - Level 2.0 Fire Magic
 - Level 3.0 Earth Magic
 - Level 2.0 Poison Magic
 + Level 7.8 Invocations
 - Level 2.1 Evocations


You had 19 spell levels left.
You knew the following spells:

 Your Spells              Type           Power        Failure   Level  Hunger
a - Magic Dart            Conj           ####         1%          1    None
b - Mephitic Cloud        Conj/Pois/Air  #####...     1%          3    None
c - Blink                 Tloc           N/A          1%          2    None
d - Conjure Flame         Conj/Fire      ######..     1%          3    None
e - Petrify               Tmut/Erth      #####...     4%          4    None
f - Confuse               Hex            ####....     3%          3    None
g - Yara's Violent Unrav  Hex/Tmut       #####.....   16%         5    None

Your spell library contained the following spells:

 Spells                   Type           Power        Failure   Level  Hunger
 Confusing Touch          Hex            ####..       1%          1    None
 Slow                     Hex            ####....     1%          2    None
 Call Imp                 Summ           ####....     2%          2    None
 Gell's Gravitas          Tloc           #####.....   2%          3    None
 Cause Fear               Hex            ####......   11%         4    None
 Metabolic Englaciation   Hex/Ice        ####......   41%         5    None
 Silence                  Hex/Air        ####......   41%         5    None
 Deflect Missiles         Chrm/Air       ###.......   98%         6    ####...
 Discord                  Hex            ####......   100%        8    #######


Dungeon Overview and Level Annotations

Branches:
Dungeon (11/15)            Temple (1/1) D:7            Lair (3/6) D:8
 Shoals (0/4) Lair:2
  Snake: Lair:2-4    Spider: Lair:2-4       Orc: D:9-12

Altars:
Cheibriados
Dithmenos
Fedhas
Hepliaklqana
Makhleb
Nemelex Xobeh
Okawaru
Ru
Sif Muna
Trog
Yredelemnul
Zin

Annotations:
D:5 exclusion: upstairs
D:7 exclusion: downstairs
Lair:1 2 runed translucent doors, exclusion: downstairs, Mryle's ghost, journeyman SpEn
Lair:3 Gastronok


Innate Abilities, Weirdness & Mutations

You cannot wear most types of armour.
You are very stealthy in the water. (Stealth+)
You are amphibious.
You can wear up to eight rings at the same time.
You can use your tentacles to constrict eight enemies at once.
Your skin changes colour to match your surroundings (Stealth+).
Your rubbery body absorbs attacks. (AC +1, EV +1)
One of your tentacles bears a spike.
You are partially covered in slimy green scales. (AC +2)
Your magical capacity is low. (-10% MP)
Your system is resistant to poisons. (rPois)
You evolve.


Message History

Gastronok waves his eye-stalks in wide circles.
The air twists around and strikes you!!
* * * LOW HITPOINT WARNING * * *
Okay, then.
You feel better.
A bullfrog comes into view.
The spiny frog closely misses you.
You riposte.
You slash the spiny frog! You grab the spiny frog.
The spiny frog is moderately wounded.
Casting: Petrify (safe; 4% risk of failure)
Confirm with . or Enter, or press ? or * to list all spells.
You blink.
You lose your grip on the spiny frog.
As you read the scroll of fear, it crumbles to dust.
You assume a fearsome visage.
Gastronok looks frightened!
The spiny frog looks frightened!
The bullfrog looks frightened!
Gastronok seems to regain his courage.
You are feeling hungry.
Gastronok waves his eye-stalks in wide circles.
The air twists around and strikes you!!
You die...

#...#....P.........
##.P..#..#....%......
#........P........P..
#.................P.
#.._.F#.#..P.b....
#....§............
##........#...P###..
#...#w#.............
###@.##.#.#.........
#.#..##....#....... ### ###
###.P#P............ #.###P###
#..##..}.P...#... ###.......
##..#P......P.>...
#.#.#.#.########.#........##.....
.........#.#.P#......P...P.......
#.#.#.#..........†...P...........
....÷<........#.#..#.#..........


You could see Gastronok and a spiny frog (fleeing).

Vanquished Creatures
  Erolcha (D:9)
  A hydra (Lair:1)
  4 two-headed ogres
  An ogre mage (D:11)
  The ghost of VeryBadPlayer the Protected, a novice MiFi of Makhleb (D:8)
  2 unseen horrors (D:11)
  Pikel (D:4)
  A deep elf mage (D:6)
  2 ugly things (D:11)
  2 centaur zombies
  2 cyclopes (D:11)
  A manticore (D:10)
  A merfolk siren (Lair:2)
  A black mamba (Lair:3)
  Maurice (D:8)
  A torpor snail (Lair:2)
  A spiny frog (Lair:3)
  4 komodo dragons
  An efreet (D:11)
  7 trolls
  Grinder (D:3)
  A hornet (D:8)
  Prince Ribbit (D:5)
  3 hippogriffs
  7 spriggans (Lair:1)
  Sigmund (D:5)
  5 wraiths
  A wyvern (D:5)
  2 basilisks
  29 yaks
  A vampire mosquito (D:11)
  Edmund (D:5)
  6 water moccasins
  12 porcupines
  A hornet zombie (D:11)
  4 slaves
  3 ice beasts
  4 orc warriors
  8 ogres
  5 black bears
  2 necrophages
  4 sky beasts
  2 phantoms
  8 centaurs
  9 crocodiles
  A big kobold (D:11)
  12 bullfrogs
  A gnoll sergeant (D:11)
  2 wyvern skeletons (D:11)
  3 scorpions
  23 killer bees
  A wight (D:6)
  5 howler monkeys
  9 crimson imps
  4 human zombies (D:8)
  A centaur skeleton (D:5)
  3 hounds
  2 bullfrog skeletons
  5 orc priests
  4 jellies
  12 orc wizards
  2 human skeletons (D:8)
  Jessica (D:2)
  Natasha (D:2)
  An iguana (D:10)
  13 worker ants
  2 killer bee zombies
  A centaur simulacrum (D:11)
  2 hound skeletons
  A hound zombie (D:7)
  Robin (D:2)
  8 gnolls
  8 adders
  3 shadow imps
  3 oozes
  An adder skeleton (D:5)
  2 adder zombies (D:9)
  4 worms
  8 leopard geckos
  36 orcs
  4 giant cockroaches
  11 goblins
  11 hobgoblins
  15 jackals
  8 quokkas
  4 ball pythons
  A ball python zombie (D:5)
  15 bats
  6 frilled lizards
  13 kobolds
  A quokka skeleton (D:7)
  9 rats
  A butterfly (Lair:3)
442 creatures vanquished.

Vanquished Creatures (collateral kills)
  A killer bee (D:8)
1 creature vanquished.

Vanquished Creatures (others)
  A spriggan (Lair:1)
  A hobgoblin (D:2)
  44 fungi
  12 plants
58 creatures vanquished.

Grand Total: 501 creatures vanquished

Notes
Turn   | Place    | Note
-------+----------+-------------------------------------------
     0 | D:1      | Atelerd the Octopode Wizard began the quest for the Orb.
     0 | D:1      | Reached XP level 1. HP: 11/11 MP: 4/4
   320 | D:1      | Reached XP level 2. HP: 16/17 MP: 0/6
   893 | D:2      | Noticed Jessica
   900 | D:2      | Killed Jessica
   900 | D:2      | Reached XP level 3. HP: 21/21 MP: 3/7
  1124 | D:2      | Noticed Natasha
  1131 | D:2      | Learned a level 3 spell: Mephitic Cloud
  1134 | D:2      | Learned a level 2 spell: Blink
  1243 | D:2      | Reached XP level 4. HP: 27/27 MP: 0/9
  1331 | D:2      | Killed Natasha
  1896 | D:2      | Noticed Robin
  2295 | D:1      | Reached XP level 5. HP: 27/31 MP: 8/10
  2620 | D:2      | Killed Robin
  2947 | D:3      | Reached skill level 4 in Spellcasting
  3151 | D:3      | Noticed Grinder
  3201 | D:3      | Learned a level 3 spell: Conjure Flame
  3244 | D:3      | Paralysed by Grinder for 6 turns
  3447 | D:4      | Found the ring of the Octopus King
  3453 | D:4      | Got a ring of the Octopus King
  3454 | D:4      | Identified a ring of the Octopus King {AC+1 EV+1 Str+1
                  | Int+1 Dex+1 Stlth+} (You found it on level 4 of the
                  | Dungeon)
  3470 | D:4      | Noticed a slave
  3481 | D:4      | Noticed Pikel
  3481 | D:4      | Noticed a slave
  3482 | D:4      | Noticed a slave
  3483 | D:4      | Noticed a slave
  3506 | D:4      | Killed a slave
  3594 | D:5      | Entered Level 5 of the Dungeon
  3599 | D:5      | Noticed an ice beast
  3611 | D:5      | Gained mutation: Your system is resistant to poisons.
                  | (rPois) [potion of mutation]
  3611 | D:5      | Gained mutation: You evolve. [potion of mutation]
  3619 | D:5      | Noticed Prince Ribbit
  3804 | D:5      | Reached XP level 6. HP: 31/36 MP: 3/12
  3874 | D:5      | Noticed a sky beast
  3941 | D:5      | Killed a sky beast
  3941 | D:5      | Reached skill level 5 in Conjurations
  3965 | D:5      | Gained mutation: You are partially covered in slimy green
                  | scales. (AC +2) [evolution]
  4058 | D:5      | Reached XP level 7. HP: 37/41 MP: 3/14
  4107 | D:5      | Noticed a troll
  4118 | D:5      | Killed a troll
  4118 | D:5      | Reached skill level 1 in Poison Magic
  4268 | D:5      | Noticed Edmund
  4287 | D:5      | Killed Edmund
  4287 | D:5      | Reached skill level 1 in Fighting
  4287 | D:5      | Reached skill level 1 in Fire Magic
  4287 | D:5      | Reached skill level 1 in Evocations
  4296 | D:5      | Reached skill level 5 in Spellcasting
  4467 | D:5      | Reached XP level 8. HP: 48/48 MP: 7/15
  4589 | D:5      | Noticed a wyvern
  4601 | D:5      | Killed a wyvern
  4707 | D:5      | Noticed Sigmund
  4716 | D:5      | Killed Sigmund
  4842 | D:5      | Killed Prince Ribbit
  4851 | D:5      | Reached skill level 5 in Stealth
  4940 | D:5      | Reached XP level 9. HP: 54/54 MP: 0/17
  5786 | D:4      | Reached skill level 6 in Spellcasting
  5875 | D:4      | Killed Pikel
  6314 | D:3      | Paralysed by Grinder for 3 turns
  6318 | D:3      | Killed Grinder
  6993 | D:6      | Learned a level 4 spell: Petrify
  7032 | D:6      | Reached skill level 7 in Spellcasting
  7119 | D:6      | Reached skill level 1 in Transmutations
  7119 | D:6      | Reached skill level 1 in Earth Magic
  7126 | D:6      | Gained mutation: You are frail. (-10% HP) [evolution]
  7137 | D:6      | Reached XP level 10. HP: 47/54 MP: 18/20
  7214 | D:6      | Reached skill level 10 in Conjurations
  7927 | D:6      | Noticed a deep elf mage
  7951 | D:6      | Killed a deep elf mage
  8242 | D:6      | Got an iridescent rapier
  8243 | D:6      | Identified the +5 rapier of Wukisuq {pain, rN++ Str-5
                  | Dex+3} (You found it on level 6 of the Dungeon)
  8425 | D:7      | Got a transparent scimitar
  8426 | D:7      | Identified the +3 scimitar of the Land of Plenty {slice,
                  | rElec} (You found it on level 7 of the Dungeon)
  8531 | D:7      | Gained mutation: One of your tentacles bears a spike.
                  | [evolution]
  8655 | D:7      | Found a staircase to the Ecumenical Temple.
  8665 | Temple   | Entered the Ecumenical Temple
  8670 | Temple   | Became a worshipper of Sif Muna the Loreminder
  8859 | D:7      | Got an encrusted hunting sling
  8860 | D:7      | Identified the cursed +2 hunting sling "Depae" {venom, +Fly
                  | rC- rN+} (You found it on level 7 of the Dungeon)
  9029 | D:8      | Reached skill level 1 in Invocations
  9146 | D:8      | Noticed VeryBadPlayer's ghost (novice MiFi)
  9147 | D:8      | Found a transporter.
  9152 | D:8      | Found a transporter.
  9209 | D:8      | Found a bloodstained altar of Trog.
  9294 | D:8      | Found a staircase to the Lair.
  9295 | D:8      | Noticed Maurice
  9311 | D:8      | Killed Maurice
  9322 | D:8      | Reached skill level 8 in Spellcasting
  9485 | D:8      | Noticed a two-headed ogre
  9514 | D:8      | Killed a two-headed ogre
  9514 | D:8      | Reached XP level 11. HP: 38/60 MP: 4/23
  9662 | D:8      | Reached * piety under Sif Muna
  9890 | D:8      | Reached skill level 5 in Transmutations
  9991 | D:8      | Identified a scroll of acquirement
  9993 | D:8      | Got a brightly glowing wooden ring
  9994 | D:8      | Identified the ring of Ippofith {rF+ Str+6 Int+10 Slay-6}
                  | (You acquired it on level 8 of the Dungeon)
 10515 | D:8      | Reached skill level 5 in Invocations
 10579 | D:8      | Found a basalt altar of Yredelemnul.
 11199 | D:8      | Killed VeryBadPlayer's ghost
 11199 | D:8      | Reached skill level 9 in Spellcasting
 11934 | D:9      | Noticed Erolcha
 11969 | D:9      | Killed Erolcha
 12424 | D:9      | Reached skill level 10 in Spellcasting
 12475 | D:9      | Reached ** piety under Sif Muna
 12864 | D:10     | Entered Level 10 of the Dungeon
 13047 | D:10     | Reached XP level 12. HP: 45/64 MP: 19/26
 13327 | D:10     | Reached skill level 11 in Spellcasting
 13606 | D:10     | Noticed a two-headed ogre
 13627 | D:10     | Killed a two-headed ogre
 13949 | D:11     | Reached *** piety under Sif Muna
 14278 | D:11     | Lost mutation: You are frail. (-10% HP) [evolution]
 14490 | D:11     | Noticed a two-headed ogre
 14505 | D:11     | Killed a two-headed ogre
 14505 | D:11     | Reached skill level 12 in Spellcasting
 14599 | D:11     | Found a hazy altar of Hepliaklqana.
 15632 | D:11     | Identified the ring "Oxkilain" {Ice +Blink rN+ Dex+4}
 15632 | D:11     | Noticed an ogre mage
 15647 | D:11     | Identified the cursed +1 robe of Umiloo {rF+ Str+2}
 15654 | D:11     | Reached skill level 13 in Spellcasting
 15656 | D:11     | Killed an ogre mage
 15660 | D:11     | Noticed a two-headed ogre
 15660 | D:11     | Noticed a death knight
 15751 | D:11     | Killed a two-headed ogre
 16022 | Lair:1   | Entered Level 1 of the Lair of Beasts
 16070 | Lair:1   | Reached XP level 13. HP: 77/77 MP: 17/30
 16136 | Lair:1   | Learned a level 3 spell: Confuse
 16183 | Lair:1   | Reached **** piety under Sif Muna
 16291 | Lair:1   | Found a large runed translucent door.
 16292 | Lair:1   | Found a large runed translucent door.
 16301 | Lair:1   | Noticed Mryle's ghost (journeyman SpEn)
 16695 | Lair:1   | Gained mutation: Your magical capacity is low. (-10% MP)
                  | [evolution]
 17112 | Lair:1   | Reached skill level 14 in Spellcasting
 17392 | Lair:1   | Reached skill level 1 in Shields
 17964 | Lair:1   | Reached skill level 1 in Long Blades
 17985 | Lair:1   | Reached skill level 1 in Hexes
 19127 | Lair:2   | Found a staircase to the Shoals.
 20517 | Lair:3   | Found a shimmering blue altar of Sif Muna.
 20534 | Lair:3   | Noticed Gastronok
 20614 | Lair:3   | Learned a level 5 spell: Yara's Violent Unravelling
 20627 | Lair:3   | Killed from afar by Gastronok

Levels and vault maps discovered:
D:1:      roderic_dead_forest, layout_loops_ring, chequers_serial_rivers_micro_d
D:2:      layout_loops_ring, nrook_campfire, kennysheep_nondescript,
          uniq_jessica, uniq_natasha, uniq_robin
D:3:      layout_basic, first_ration, uniq_grinder
D:4:      layout_cave_pools, st_stairs_1, uniq_pikel
D:5:      layout_loops_ring, kennysheep_diamond,
          minmay_fractal_squares_diagonal_5, uniq_prince_ribbit1, uniq_edmund,
          uniq_sigmund
D:6:      kennysheep_windowed_halls, layout_layer_cave,
          guppyfry_early_elven_hall
D:7:      layout_basic, temple_pool_b
D:8:      layout_basic, lemuel_mausoleum_altar_yredelemnul,
          due_lair_maze_entry_diamond, basic_altar, gammafunk_ghost_hive,
          uniq_maurice
D:9:      layout_roguey, grunt_ogre_cave, st_stairs_7, uniq_erolcha
D:10:     layout_basic, grunt_ministairs_11, minmay_misc_feat_diagonals,
          kennysheep_cross_bottleneck
D:11:     minmay_the_grid_triangle_9x9_rhombus_full
          [minmay_the_grid_triangle_9x9_sparse_checkered,
          minmay_the_grid_triangle_9x9_checkered,
          minmay_the_grid_triangle_9x9_cache,
          minmay_the_grid_triangle_9x9_impossible_snake,
          minmay_the_grid_triangle_9x9_corruption,
          minmay_the_grid_triangle_9x9_steps,
          minmay_the_grid_triangle_9x9_odd_lines,
          minmay_the_grid_triangle_9x9_prize_center], layout_loops_cross,
          basic_altar
Temple:   compressed_dpeg_triangle_lava_temple
Lair:1:   kb_forest_paths, layout_gridlike, ebering_ghost_disaster_area,
          roderic_batcave
Lair:2:   layout_gridlike, minmay_shoals_entry_lonely_mermaid,
          grunt_megastairs_1, infiniplex_staircase_pool_2
Lair:3:   layout_misc_corridors, basic_altar, st_stairs_9, minivault_29,
          lemuel_fruit_fields, uniq_gastronok

Skill      XL: |  1  2  3  4  5  6  7  8  9 10 11 12 13 |
---------------+----------------------------------------+-----
Conjurations   | 2 3 4 5 6 7 9 10 | 10.6
Spellcasting   | 4 5 7 8 10 13 14 | 14.1
Stealth        | 3 5 |  5.0
Poison Magic   | 1 2 |  2.0
Fighting       | 1 2 3 4 |  4.0
Fire Magic     | 1 2 |  2.0
Evocations     | 1 2 |  2.1
Translocations | 2 3 |  3.0
Dodging        | 3 |  3.0
Transmutations | 1 4 5 |  5.0
Earth Magic    | 1 3 |  3.0
Invocations    | 4 7 |  7.8
Shields        | 3 |  3.4
Long Blades    | 2 |  2.1
Hexes          | 2 |  2.0
Summonings     | |  1.0

Action                   |  1- 3 |  4- 6 |  7- 9 | 10-12 | 13-15 || total
-------------------------+-------+-------+-------+-------+-------++-------
Melee: Dagger            |    11 |    63 |       |       |       ||    74
       Constrict         |     4 |    40 |    52 |    86 |    18 ||   200
       Unarmed           |     1 |       |       |       |       ||     1
       Tentacles         |       |    19 |    43 |    76 |    28 ||   166
       Falchion          |       |    69 |   182 |    61 |       ||   312
       Scimitar          |       |       |       |   309 |   137 ||   446
       Kick              |       |       |       |    96 |    41 ||   137
 Cast: Magic Dart        |    47 |    56 |   125 |   308 |   137 ||   673
       Mephitic Cloud    |       |    16 |    31 |    92 |    37 ||   176
       Conjure Flame     |       |     6 |    10 |    58 |    46 ||   120
       Blink             |       |     2 |     2 |    13 |     8 ||    25
       Petrify           |       |       |       |    17 |     7 ||    24
Invok: Channel Magic     |       |       |       |     2 |     1 ||     3
Evoke: Wand              |       |       |       |    41 |     3 ||    44
  Use: Scroll            |       |     7 |     3 |     9 |     2 ||    21
       Potion            |       |     6 |       |       |     1 ||     7
 Stab: Sleeping          |     1 |     2 |     1 |    10 |     8 ||    22
       Confused          |       |     2 |     9 |    25 |    10 ||    46
       Distracted        |       |       |     1 |     2 |       ||     3
       Petrified         |       |       |       |    40 |     5 ||    45
       Petrifying        |       |       |       |       |     2 ||     2
  Eat: Chunk             |     1 |    10 |     8 |    18 |    15 ||    52
       Ration            |       |       |     1 |     3 |       ||     4
Armor: Skin              |     2 |    26 |    73 |    87 |    24 ||   212
Dodge: Dodged            |    11 |   117 |   149 |   283 |    70 ||   630
Block: Other             |       |       |       |    60 |    13 ||    73
       Reflection        |       |       |       |     2 |       ||     2
       Buckler           |       |       |       |       |    15 ||    15
       Rpst.: Falchion   |       |    17 |    48 |    10 |       ||    75
       Scimitar          |       |       |       |    71 |    22 ||    93
